Map: Terraform LE (Void)

Players

Wolhwasumok

  • Race: Zerg Zerg
  • League: Bronze

SticklerMac - Winner!

  • Race: Zerg Zerg
  • League: Grandmaster

VOD

Have the link to the VOD?

Description

Time

  • Played on: July 18, 2015, 10:27 p.m.
  • Length: 7:08
Show
View Real Time Build Order
Export as new Build Order

Wolhwasumok Zerg 

Build Orders: Hatch First 

Get SALT Encoding   

  12  1:54  Drone x2  
  13  1:55  Overlord  
  13  1:59  Hatchery  
  13  2:00  Spawning Pool  
  12  2:08  Drone  
  13  2:20  Hatchery  
  12  2:24  Drone  
  13  2:31  Drone  
  14  2:38  Drone  
  15  2:47  Queen  
  15  2:50  Zergling x2  
  18  2:54  Spine Crawler  
  17  2:59  Zergling x2  
  18  3:06  Extractor  
  18  3:11  Zergling x2  
  18  3:12  Zergling x2  
  19  3:17  Extractor  
  19  3:18  Queen  
  20  3:21  Drone  
  21  3:27  Drone  
  22  3:34  Zergling x2  
  22  3:35  Zergling x2  
  22  3:37  Drone  
  25  3:42  Zergling x2  
  25  3:47  Drone  
  27  3:50  Drone  
  27  3:54  Baneling Nest, Drone  
  29  3:55  Drone  
  29  4:01  Spine Crawler  
  29  4:10  Zergling x10  
  33  4:21  Zergling x2  
  34  4:26  Metabolic Boost  
  30  4:38  Zergling x2  
  30  4:39  Zergling x4  
  30  4:40  Zergling x2  
  31  4:49  Zergling x2  
  18  5:04  Drone  
  17  5:15  Baneling x2  
  17  5:17  Drone  
  17  5:19  Drone  
  19  5:25  Drone  
  20  5:29  Zergling x2  
  20  5:35  Drone  
  22  5:40  Drone  
  22  5:42  Baneling  
  23  5:49  Zergling x4  
  20  5:50  Baneling  
  20  5:55  Zergling x2  
  21  6:04  Zergling x2  
  21  6:13  Zergling x6  
  23  6:19  Baneling  
  23  6:20  Zergling x2  
  22  6:27  Baneling  
  20  6:33  Spine Crawler  
  20  6:34  Zergling x4  
  21  6:41  Drone x2  
  22  6:48  Zergling x2  
Show
View Real Time Build Order
Export as new Build Order

SticklerMac Zerg - Winner!

Build Orders: 3 Hatch before Pool 

Get SALT Encoding   

  12  0:00  Drone  
  13  0:08  Drone  
  14  0:17  Overlord  
  14  0:42  Hatchery  
  13  0:45  Drone  
  13  0:49  Drone  
  15  0:54  Drone  
  16  1:00  Drone  
  18  1:27  Hatchery  
  16  1:35  Spawning Pool  
  16  1:38  Drone  
  16  1:43  Drone  
  18  1:47  Drone  
  18  1:50  Drone  
  19  1:55  Drone  
  19  2:00  Drone  
  21  2:05  Extractor  
  21  2:06  Drone  
  21  2:12  Overlord  
  21  2:22  Drone x2  
  23  2:26  Queen  
  25  2:33  Queen  
  27  2:41  Queen  
  29  2:47  Zergling x2  
  29  2:49  Zergling x2  
  31  2:51  Zergling x2  
  31  2:53  Zergling x2  
  33  2:58  Zergling x4  
  33  3:05  Metabolic Boost  
  35  3:06  Zergling x2  
  35  3:08  Zergling x2  
  37  3:17  Zergling x6  
  40  3:23  Zergling x4  
  42  3:33  Overlord  
  42  3:35  Baneling Nest  
  42  3:39  Overlord  
  41  3:41  Zergling x2  
  41  3:47  Overlord  
  42  3:56  Zergling x6  
  42  4:01  Zergling x4  
  47  4:11  Zergling x6  
  50  4:17  Zergling x4  
  50  4:18  Zergling x2  
  53  4:26  Zergling x6  
  56  4:32  Zergling x2  
  56  4:33  Zergling x2  
  56  4:37  Zergling x4  
  55  4:47  Zergling x2  
  55  4:48  Zergling x4  
  55  4:50  Zergling x2  
  55  4:52  Zergling x2  
  50  4:56  Zergling x2  
  50  4:57  Zergling x2  
  46  5:00  Zergling x2  
  46  5:03  Zergling x2  
  44  5:08  Zergling x2  
  44  5:12  Zergling x4  
  44  5:14  Zergling x2  
  44  5:17  Baneling x2  
  44  5:18  Baneling  
  44  5:20  Baneling  
  45  5:21  Baneling  
  45  5:32  Zergling x8  
  47  5:50  Zergling x12  
  47  5:53  Baneling x2  
  47  5:55  Baneling x2  
  52  5:57  Baneling  
  52  5:58  Baneling  
  52  5:59  Baneling  
  48  6:04  Drone  
  48  6:05  Drone  
  45  6:26  Zergling x2  
  45  6:27  Zergling x14  
  45  6:31  Zergling x2  
  45  6:32  Zergling x2  
  53  6:34  Baneling x2  
  53  6:36  Baneling  
  53  6:37  Baneling  
  54  6:40  Zergling x2  
  53  6:48  Zergling x2  
  53  6:49  Zergling x4  
  53  6:50  Zergling x2  
Tags
 
Add a new tag
Caveats
  • Supply blocks, unpowered buildings, or Contaminate may cause inaccurate times.
  • Supply counts are checked every 10 seconds.